 Dungeon Crawl Stone Soup version 0.30-a0-1161-g0704695555 (webtiles) character file.

Game seed: 4374350323527666518

308 voltaire321 the Sneak (level 6, 0/35 HPs)
             Began as a Kobold Enchanter on Apr 27, 2023.
             Slain by an orc wizard
             ... wielding a +2 dagger of protection
              (2 damage)
             ... on level 3 of the Dungeon.
             The game lasted 00:04:41 (2566 turns).

voltaire321 the Sneak (Kobold Enchanter)            Turns: 2566, Time: 00:04:41

Health: 0/35       AC:  2    Str:  8    XL:     6   Next: 68%
Magic:  10/10      EV: 15    Int: 22    God:
Gold:   136        SH:  0    Dex: 15    Spells: 9/11 levels left

rFire   . . .        r - +0 short sword (venom)
rCold   . . .        (no shield)
rNeg    . . .        b - +0 robe
rPois   .            (no helmet)
rElec   .            (no cloak)
rCorr   .            (no gloves)
SInv    .            (no boots)
Will    .....        (no amulet)
Stlth   ++++         h - +6 ring of intelligence
HPRegen 0.25/turn    v - +4 ring of slaying
MPRegen 0.12/turn

%: no passive effects
@: no status effects
A: small, no large weapons, nightstalker 3
a: no special abilities


You were on level 3 of the Dungeon.
You visited 1 branch of the dungeon, and saw 3 of its levels.

You collected 136 gold pieces.

Inventory:

Hand Weapons
 a - a +1 dagger
 r - a +0 short sword of venom (weapon)
Armour
 b - a +0 robe (worn)
Jewellery
 h - a +6 ring of intelligence (left hand)
 j - a ring of ice
 v - a +4 ring of slaying (right hand)
Scrolls
 e - 2 scrolls of identify {unknown}
 f - a scroll of immolation {unknown}
 i - a scroll of fear {unknown}
 k - 2 scrolls of magic mapping {unknown}
 l - a scroll of summoning {unknown}
 p - a scroll of amnesia {unknown}
 q - a scroll of noise {unknown}
 s - a scroll of vulnerability {unknown}
 t - a scroll of brand weapon {unknown}
 u - a scroll of enchant weapon {unknown}
 x - a scroll of fog {unknown}
Potions
 c - 2 potions of invisibility
 d - 2 potions of flight {unknown}
 g - a potion of brilliance {unknown}
 m - 2 potions of lignification {unknown}
 n - a potion of curing {unknown}
 o - a potion of resistance {unknown}
 w - a potion of degeneration {unknown}


   Skills:
 + Level 1.8 Fighting
 + Level 3.1 Short Blades
 + Level 1.3 Armour
 + Level 3.5 Dodging
 * Level 5.8 Stealth
 + Level 3.0 Spellcasting
 + Level 3.6 Hexes
 + Level 1.5 Ice Magic


You had 9 spell levels left.
You knew the following spells:

 Your Spells              Type           Power      Damage    Failure   Level
a - Ensorcelled Hibernat  Hex/Ice        28%        N/A       6%          2

Your spell library contained the following spells:

 Spells                   Type           Power      Damage    Failure   Level
 Confusing Touch          Hex            19%        N/A       9%          3
 Tukima's Dance           Hex            19%        N/A       9%          3
 Magic Dart               Conj           12%        1d3       12%         1
 Summon Small Mammal      Summ           12%        N/A       12%         1
 Dazzling Flash           Conj/Hex       22%        N/A       17%         3
 Inner Flame              Hex/Fire       11%        N/A       17%         3
 Summon Guardian Golem    Hex/Summ       11%        N/A       17%         3
 Call Imp                 Summ           6%         N/A       19%         2
 Cigotuvi's Dreadful Rot  Necr/Pois/Air  6%         N/A       19%         2
 Call Canine Familiar     Summ           3%         N/A       36%         3
 Mephitic Cloud           Conj/Pois/Air  3%         N/A       36%         3
 Dispel Undead            Necr           3%         3d7       77%         4
 Flame Wave               Conj/Fire      3%         2d5       77%         4
 Sticky Flame             Conj/Fire      3%         2d3       77%         4
 Death Channel            Necr           1%         N/A       100%        6


Dungeon Overview and Level Annotations

Branches:
Dungeon (3/15)

Altars:


Innate Abilities, Weirdness & Mutations

You are small and have problems with some larger weapons.
You are completely attuned to the shadows.


Message History

The orc wizard points at you and mumbles some strange words.
You are confused.
An endoplasm comes into view.
The goblin closely misses you. The orc completely misses you.
The orc hits you with a +0 short sword.
You hit the orc wizard but do no damage.
The orc wizard hits you with a +2 dagger of protection.
The orc closely misses you. The goblin barely misses you.
The orc hits you with a +0 short sword.
The orc wizard attacks as you move away!
The orc wizard misses you. The goblin misses you.
The orc hits you with a +0 short sword.
You hit the orc wizard but do no damage.
The orc wizard is lightly wounded.
The orc wizard misses you. The goblin hits you but does no damage.
The orc misses you.
You're too confused to move!
The orc wizard hits you with a +2 dagger of protection.
The endoplasm hits you. The orc hits you with a +0 dagger.
The goblin closely misses you. The orc barely misses you.
The endoplasm attacks as you move away! The endoplasm hits you.
* * * LOW HITPOINT WARNING * * *
The orc wizard misses you. The orc hits you with a +0 dagger.
* * * LOW HITPOINT WARNING * * *
The endoplasm attacks as you move away! The endoplasm misses you.
You feel less confused. The orc closely misses you.
The orc attacks as you move away! The orc closely misses you.
The orc wizard attacks as you move away!
The orc wizard hits you with a +2 dagger of protection.
* * * LOW HITPOINT WARNING * * *
You hit the orc wizard but do no damage.
The orc wizard looks even sicker.
The orc wizard is heavily wounded.
You completely miss the orc wizard.
The orc wizard is heavily wounded.
The orc hits you with a +0 dagger.
* * * LOW HITPOINT WARNING * * *
The orc wizard hits you with a +2 dagger of protection.
You die...

####. #.......
.........
#.................
#.................
#.................
#.g...............
##Jo......#.......
##oo......#.......
#@o...............
#..........#######
#.......[..#
#..........#
#..........#
##........##
##..[...##
########


You could see an orc wizard (very poisoned), 3 orcs, an endoplasm and a goblin.

Vanquished Creatures
  Sigmund (D:2)
  An orc priest (D:3)
  An orc wizard (D:3)
  3 adders (D:2)
  2 dart slugs
  4 orcs (D:3)
  5 ball pythons
  7 bats
  5 endoplasms
  A giant cockroach (D:3)
  9 goblins
  5 hobgoblins
  4 jackals (D:1)
  3 quokkas
  2 frilled lizards
  2 kobolds (D:2)
  5 rats
60 creatures vanquished.

Notes
Turn   | Place    | Note
-------+----------+-------------------------------------------
     0 | D:1      | voltaire321 the Kobold Enchanter began the quest for the
                  | Orb.
     0 | D:1      | Reached XP level 1. HP: 10/10 MP: 3/3
    96 | D:1      | Reached XP level 2. HP: 4/16 MP: 5/5
   160 | D:1      | Learned a level 2 spell: Ensorcelled Hibernation
   483 | D:1      | Reached XP level 3. HP: 20/20 MP: 6/6
  1210 | D:2      | Reached XP level 4. HP: 24/24 MP: 7/7
  1340 | D:2      | Noticed Sigmund
  1343 | D:2      | Killed Sigmund
  1344 | D:2      | Reached skill level 1 in Fighting
  1344 | D:2      | Reached skill level 1 in Armour
  1344 | D:2      | Reached skill level 5 in Stealth
  1344 | D:2      | Reached skill level 1 in Ice Magic
  1344 | D:2      | Reached XP level 5. HP: 29/29 MP: 7/9
  1344 | D:2      | Reached XP level 6. HP: 34/34 MP: 7/10
  2566 | D:3      | Slain by an orc wizard

Illustrated notes

Levels and vault maps discovered:
D:1:      wheals_arrival_linesprint, layout_loops_ring
D:2:      layout_basic, kennysheep_generic_room_5, uniq_sigmund
D:3:      layout_rooms

Skill      XL: |  1  2  3  4  5  6 |
---------------+-------------------+-----
Short Blades   | 2 3 |  3.1
Fighting       | 1 |  1.8
Armour         | 1 |  1.3
Dodging        | 3 |  3.5
Stealth        | 5 |  5.8
Ice Magic      | 1 |  1.5
Spellcasting   | 3 |  3.0
Hexes          | |  3.6

Action                     |  1- 3 |  4- 6 || total
---------------------------+-------+-------++-------
  Melee: Dagger            |    86 |    27 ||   113
         Punch             |     1 |       ||     1
         Short sword       |       |    58 ||    58
   Cast: Ensorcelled Hiber |       |     1 ||     1
   Stab: Sleeping          |    12 |    18 ||    30
 Armour: Robe              |    10 |     7 ||    17
  Dodge: Dodged            |    52 |    59 ||   111

Table legend: (Time is in decaauts)
 A = Elapsed time spent in this place.
 B = Non-inter-level travel time spent in this place.
 C = Inter-level travel time spent in this place.
 D = Time resting spent in this place.
 E = Time spent auto-exploring this place.
 F = Levels seen in this place.
 G = Mean time per level.
                   A        B        C        D        E       F      G
               +--------+--------+--------+--------+--------+-----+--------+
         Total |   2545 |   2485 |     60 |    336 |   1656 |   3 |  848.3 |
       Dungeon |   2545 |   2485 |     60 |    336 |   1656 |   3 |  848.3 |
               +--------+--------+--------+--------+--------+-----+--------+

Top non-repeatable levels by time:
     D:2: 1012 daAuts
     D:1: 1001 daAuts
     D:3: 531 daAuts
